 Dungeon Crawl Stone Soup version 0.31-a0-1225-g50297eb6a4 (webtiles) character file.

Game seed: 2777283098733910974

919 senseless the Ruffian (level 8, -9/60 HPs)
             Began as a Gnoll Shapeshifter on Dec 14, 2023.
             Was a Believer of Lugonu.
             Mangled by an ice beast (14 damage)
             ... on level 6 of the Dungeon.
             The game lasted 00:11:34 (5049 turns).

senseless the Ruffian (Gnoll Shapeshifter)          Turns: 5049, Time: 00:11:35

Health: -9/60      AC:  5    Str: 16    XL:     8   Next: 9%
Magic:  1/12       EV: 12    Int: 10    God:    Lugonu [**....]
Gold:   280        SH:  0    Dex: 11    Spells: 9/13 levels left

rFire   + .          .
                       - Unarmed
rCold   . . .        (no shield)
rNeg    . . .        D - +0 ring mail
rPois   .            (helmet currently unavailable)
rElec   .            (cloak currently unavailable)
rCorr   .            (gloves currently unavailable)
SInv    .            (boots currently unavailable)
Will    .....        (no amulet)
Stlth   +            k - ring of wizardry
HPRegen 0.30/turn    l - ring of protection from fire
MPRegen 0.13/turn

%: wizardry (x1)
@: beast-form, very slightly contaminated
A: beast (slay +4), fangs 1, strong nose, distributed training
a: Begin Untransformation, Renounce Religion, Depart the Abyss, Banish


You were on level 6 of the Dungeon.
You worshipped Lugonu.
Lugonu was pleased with you.
You were a hulking beast.
You visited 1 branch of the dungeon, and saw 6 of its levels.

You collected 280 gold pieces.

Inventory:

Hand Weapons
 w - a +2 hand axe of distortion
 y - a +3 short sword
 B - a +4 morningstar of flaming
Missiles
 b - 2 boomerangs (quivered)
 q - 2 darts of dispersal
Armour
 a - a +0 animal skin
 i - the +1 pair of gloves of Boiling Hail {Str-3 Int+4 Dex+3}
   (You found it on level 2 of the Dungeon)

   Str-3:     It affects your strength (-3).
   Int+4:     It affects your intelligence (+4).
   Dex+3:     It affects your dexterity (+3).
 j - a +0 helmet
 x - a +0 leather armour
 C - a +0 chain mail
 D - a +0 ring mail (worn)
 F - a +0 plate armour
Jewellery
 k - a ring of wizardry (left hand)
 l - a ring of protection from fire (right hand)
 p - a ring of poison resistance
Talismans
 c - a beast talisman
 d - a flux talisman
Wands
 E - a wand of digging (1)
Scrolls
 f - a scroll of noise {unknown}
 n - 2 scrolls of immolation {unknown}
 o - 2 scrolls of amnesia {unknown}
 r - 2 scrolls of enchant weapon {unknown}
 A - a scroll of fog {unknown}
Potions
 e - 2 potions of magic {unknown}
 g - a potion of heal wounds {unknown}
 h - a potion of resistance {unknown}
 m - 2 potions of might {unknown}
 s - a potion of enlightenment {unknown}
 t - 2 potions of mutation {unknown}
 u - a potion of curing
 v - 4 potions of degeneration {unknown}
 z - a potion of lignification


   Skills:
 + Level 4.0 Fighting
 + Level 3.0 Short Blades
 + Level 3.0 Long Blades
 + Level 3.0 Axes
 + Level 3.0 Maces & Flails
 + Level 3.0 Polearms
 + Level 3.0 Staves
 + Level 3.0 Ranged Weapons
 + Level 3.0 Throwing
 + Level 3.0 Armour
 + Level 5.5 Dodging
 + Level 3.0 Stealth
 + Level 3.0 Shields
 + Level 7.2 Unarmed Combat
 + Level 3.0 Spellcasting
 + Level 2.4 Conjurations
 + Level 2.4 Hexes
 + Level 2.4 Summonings
 + Level 2.4 Necromancy
 + Level 2.4 Translocations
 + Level 2.4 Transmutations
 + Level 2.4 Fire Magic
 + Level 2.4 Ice Magic
 + Level 2.4 Air Magic
 + Level 2.4 Earth Magic
 + Level 2.4 Poison Magic
 + Level 3.3 Invocations
 + Level 3.0 Evocations
 + Level 7.1 Shapeshifting


You had 9 spell levels left.
You knew the following spells:

 Your Spells              Type           Power      Damage    Failure   Level
a - Freeze                Ice            24%        1d4       8%          1
b - Hailstorm             Conj/Ice       6%         3d5       22%         3

Your spell library contained the following spells:

 Spells                   Type           Power      Damage    Failure   Level
 Frozen Ramparts          Ice            12%        1d2       22%         3
 Summon Guardian Golem    Hex/Summ       6%         N/A       22%         3
 Orb of Destruction       Conj           3%         9d5       100%        7
 Spellforged Servitor     Conj/Summ      3%         N/A       100%        7


Dungeon Overview and Level Annotations

Branches:
Dungeon (6/15)
 Temple: D:4-7

Altars:
Xom
Lugonu

Annotations:
D:3 3 runed translucent doors, AceOff's ghost, amateur DrSh; PanSaczeczos's ghost, weakling AtAE; bumbalina's ghost, amateur DsMo


Innate Abilities, Weirdness & Mutations

You are a hulking beast.
Your limbs bulge with bestial killing power. (Slay +4)
You have very sharp teeth.
Your uncanny sense of smell can sniff out nearby items.
Your experience applies equally to all skills.


Message History

You punch the ice beast!
The ice beast is heavily wounded.
The howler monkey hoots and howls with incredible vigour!
You hear an angry hiss.
Something shouts, "Turn tail, thou feckless roguish clack-dish!"
You hear a shout! x2
You hit the ice beast.
The ice beast is heavily wounded.
The ice beast hits you. The ice beast freezes you!
* * * LOW HITPOINT WARNING * * *
The howler monkey hits you.
* * * LOW HITPOINT WARNING * * *
You hit the ice beast.
The ice beast is severely wounded.
The ice beast hits you but does no damage.
The howler monkey hits you but does no damage.
You closely miss the ice beast.
The ice beast is severely wounded.
The ice beast hits you.
* * * LOW HITPOINT WARNING * * *
The ice beast freezes you!
* * * LOW HITPOINT WARNING * * *
The howler monkey misses you.
You barely miss the ice beast.
The ice beast is severely wounded.
The ice beast hits you but does no damage.
The howler monkey hits you!
* * * LOW HITPOINT WARNING * * *
It was a potion of curing.
You feel better. The ice beast misses you. The howler monkey misses you.
You feel better. The howler monkey hits you.
* * * LOW HITPOINT WARNING * * *
The ice beast hits you.
* * * LOW HITPOINT WARNING * * *
The ice beast freezes you!
* * * LOW HITPOINT WARNING * * *
You feel better. The howler monkey closely misses you. The ice beast hits you.
* * * LOW HITPOINT WARNING * * *
The ice beast freezes you!
You die...

##.........##
##...........#
##.......|....########.
#................<.....
##............#.########
................#
#...............#
#..............##
#.....h...$....#
#....hY........#
#....)$)......##
##...)))...<#.#
#........##..#
#......### .## ##..####
# ###


You could see an ice beast and a howler monkey.

Vanquished Creatures
  A black bear (D:3)
  An ice beast (D:5)
  2 ogres (D:5)
  A phantom (D:4)
  2 scorpions
  A crimson imp (D:4)
  2 hounds (D:5)
  2 jellies (D:5)
  An orc priest (D:6)
  An iguana (D:5)
  Robin (D:2)
  8 adders
  A white imp (D:4)
  3 dart slugs
  12 orcs
  3 endoplasms
  4 giant cockroaches
  9 goblins
  8 hobgoblins
  2 kobolds (D:3)
  A quokka (D:1)
  8 ball pythons
  2 bats (D:2)
  4 frilled lizards
  4 rats
  2 butterflies (D:3)
86 creatures vanquished.

Notes
Turn   | Place    | Note
-------+----------+-------------------------------------------
     0 | D:1      | senseless the Gnoll Shapeshifter began the quest for the
                  | Orb.
     0 | D:1      | Reached XP level 1. HP: 17/17 MP: 1/1
   226 | D:1      | Reached XP level 2. HP: 23/23 MP: 2/2
   711 | D:1      | Learned a level 1 spell: Freeze
   717 | D:2      | Identified the +1 pair of gloves of Boiling Hail {Str-3
                  | Int+4 Dex+3}
   828 | D:2      | Noticed Robin
   840 | D:2      | Killed Robin
   841 | D:2      | Reached XP level 3. HP: 23/28 MP: 2/4
   922 | D:2      | Found a faded altar of an unknown god.
   929 | D:2      | Prayed at the altar of an unknown god.
   929 | D:2      | Became a worshipper of Lugonu the Unformed
   929 | D:2      | Reached * piety under Lugonu
  1251 | D:2      | Reached skill level 1 in Invocations
  1686 | D:3      | Reached skill level 1 in Short Blades
  1686 | D:3      | Reached skill level 1 in Long Blades
  1686 | D:3      | Reached skill level 1 in Axes
  1686 | D:3      | Reached skill level 1 in Maces & Flails
  1686 | D:3      | Reached skill level 1 in Polearms
  1686 | D:3      | Reached skill level 1 in Staves
  1686 | D:3      | Reached skill level 1 in Ranged Weapons
  1686 | D:3      | Reached skill level 1 in Throwing
  1686 | D:3      | Reached skill level 1 in Armour
  1686 | D:3      | Reached skill level 1 in Stealth
  1686 | D:3      | Reached skill level 1 in Shields
  1686 | D:3      | Reached skill level 1 in Spellcasting
  1686 | D:3      | Reached skill level 1 in Evocations
  1730 | D:3      | Found a runed translucent gate.
  1730 | D:3      | Found a runed translucent gate.
  1732 | D:3      | Found a runed translucent gate.
  1735 | D:3      | Noticed PanSaczeczos's ghost (weakling AtAE)
  1735 | D:3      | Noticed bumbalina's ghost (amateur DsMo)
  1735 | D:3      | Noticed AceOff's ghost (amateur DrSh)
  1780 | D:3      | Found a shimmering altar of Xom.
  1795 | D:3      | Reached XP level 4. HP: 19/34 MP: 5/5
  2343 | D:3      | Reached skill level 1 in Conjurations
  2343 | D:3      | Reached skill level 1 in Hexes
  2343 | D:3      | Reached skill level 1 in Summonings
  2343 | D:3      | Reached skill level 1 in Necromancy
  2343 | D:3      | Reached skill level 1 in Translocations
  2343 | D:3      | Reached skill level 1 in Transmutations
  2343 | D:3      | Reached skill level 1 in Fire Magic
  2343 | D:3      | Reached skill level 1 in Ice Magic
  2343 | D:3      | Reached skill level 1 in Air Magic
  2343 | D:3      | Reached skill level 1 in Earth Magic
  2343 | D:3      | Reached skill level 1 in Poison Magic
  2634 | D:3      | Noticed a black bear
  2650 | D:3      | Killed a black bear
  2651 | D:3      | Reached XP level 5. HP: 25/41 MP: 1/7
  2880 | D:4      | Noticed a phantom
  2893 | D:4      | Killed a phantom
  2894 | D:4      | Reached XP level 6. HP: 25/47 MP: 4/8
  3162 | D:4      | Reached skill level 5 in Dodging
  3162 | D:4      | Reached ** piety under Lugonu
  3740 | D:4      | Learned a level 3 spell: Hailstorm
  3762 | D:5      | Entered Level 5 of the Dungeon
  3775 | D:5      | Reached XP level 7. HP: 52/52 MP: 7/10
  4416 | D:5      | Reached XP level 8. HP: 55/60 MP: 12/12
  5046 | D:6      | HP: 1/60 [howler monkey (7)]
  5049 | D:6      | Mangled by an ice beast

Illustrated notes

Levels and vault maps discovered:
D:1:      matt_arrival_spirals, layout_loops_ring
D:2:      layout_loops_corners, shapermc_ecumenical_altar_hornbeckon,
          kennysheep_cross_room, kennysheep_generic_room_3, uniq_robin
D:3:      layout_basic, xom_butterflies, gammafunk_ghost_cemetery,
          roderic_three_in_a_row
D:4:      layout_gridville, minmay_fire_ice_demons
D:5:      layout_basic
D:6:      layout_cave_pods, eino_small_chamber_without_monster

Skill      XL: |  1  2  3  4  5  6  7  8 |
---------------+-------------------------+-----
Invocations    | 1 2 3 |  3.3
Short Blades   | 1 2 3 |  3.0
Long Blades    | 1 2 3 |  3.0
Axes           | 1 2 3 |  3.0
Maces & Flails | 1 2 3 |  3.0
Polearms       | 1 2 3 |  3.0
Staves         | 1 2 3 |  3.0
Ranged Weapons | 1 2 3 |  3.0
Throwing       | 1 2 3 |  3.0
Armour         | 1 2 3 |  3.0
Stealth        | 1 2 3 |  3.0
Shields        | 1 2 3 |  3.0
Spellcasting   | 1 2 3 |  3.0
Evocations     | 1 2 3 |  3.0
Conjurations   | 1 2 |  2.4
Hexes          | 1 2 |  2.4
Summonings     | 1 2 |  2.4
Necromancy     | 1 2 |  2.4
Translocations | 1 2 |  2.4
Transmutations | 1 2 |  2.4
Fire Magic     | 1 2 |  2.4
Ice Magic      | 1 2 |  2.4
Air Magic      | 1 2 |  2.4
Earth Magic    | 1 2 |  2.4
Poison Magic   | 1 2 |  2.4
Fighting       | 3 4 |  4.0
Dodging        | 5 |  5.5
Unarmed Combat | 7 |  7.2
Shapeshifting  | 7 |  7.1

Action                     |  1- 3 |  4- 6 |  7- 9 || total
---------------------------+-------+-------+-------++-------
  Melee: Unarmed           |    59 |    64 |    53 ||   176
         Bite              |     2 |     4 |     7 ||    13
         Punch             |     1 |     6 |     2 ||     9
  Throw: Boomerang         |       |    15 |     3 ||    18
   Cast: Freeze            |     4 |    10 |       ||    14
         Hailstorm         |       |       |     4 ||     4
    Use: Potion            |       |     1 |     3 ||     4
   Stab: Sleeping          |     1 |     4 |     2 ||     7
 Armour: Animal skin       |    17 |    29 |       ||    46
         Skin              |       |    14 |       ||    14
         Leather armour    |       |     2 |    21 ||    23
         Ring mail         |       |       |    11 ||    11
  Dodge: Dodged            |    35 |    45 |    32 ||   112

Table legend: (Time is in decaauts)
 A = Elapsed time spent in this place.
 B = Non-inter-level travel time spent in this place.
 C = Inter-level travel time spent in this place.
 D = Time resting spent in this place.
 E = Time spent auto-exploring this place.
 F = Levels seen in this place.
 G = Mean time per level.
                   A        B        C        D        E       F      G
               +--------+--------+--------+--------+--------+-----+--------+
         Total |   5036 |   4740 |    296 |      0 |   4148 |   6 |  839.3 |
       Dungeon |   5036 |   4740 |    296 |      0 |   4148 |   6 |  839.3 |
               +--------+--------+--------+--------+--------+-----+--------+

Top non-repeatable levels by time:
     D:3: 1251 daAuts
     D:5: 1110 daAuts
     D:4: 973 daAuts
     D:2: 961 daAuts
     D:1: 711 daAuts
     D:6: 27 daAuts
